[Event "Titled Tuesday Blitz August 15 Late 2023"]
[White "Vaglio Munoz, Jaime"]
[Black "Wafa, Shrook"]
[WhiteFideId "6500145"]
[BlackFideId "10609970"]
[WhiteElo "2253"]
[BlackElo "2406"]
[Result "0-1"]
[Round "11"]
[TimeControl "180+1"]
[Date "2023.08.15"]
[WhiteClock "0:00:00"]
[BlackClock "0:01:33"]
[Board "83"]

1. Nf3 d5 2. c4 c6 3. b3 Nf6 4. Bb2 e6 5. g3 Be7 6. Bg2 O-O 7. O-O Nbd7 8. d3 Re8 9. Re1 Bd6 10. e4 e5 11. Nc3 d4 12. Ne2 Nf8 13. a3 a5 14. Rc1 c5 15. Rc2 Bd7 16. h3 a4 17. Rd2 axb3 18. Qxb3 Ba4 19. Qa2 Ne6 20. Bc1 b5 21. cxb5 Bxb5 22. Rdd1 Qa5 23. g4 Qa6 24. Qd2 Rec8 25. Bf1 Ba4 26. Ng3 Bxd1 27. Qxd1 c4 28. dxc4 Qa5 29. g5 Nd7 30. Nf5 Bxa3 31. Bd2 Bb4 32. Bd3 Bxd2 33. Nxd2 Qc3 34. Ne7+ Kh8 35. Nxc8 Rxc8 36. Nb1 Qb2 37. Re2 Qb4 38. h4 Ndc5 39. Rd2 g6 40. f3 Rb8 41. Bc2 d3 42. Rxd3 Nxd3 43. Bxd3 Nd4 44. Kg2 Qb2+ 45. Kg3 Kg7 46. h5 gxh5 47. f4 exf4+ 48. Kh3 Ne6 49. Qxh5 Qf2 50. Qg4 Rb3 0-1


[Site "https://www.chess.com"]

[Event "Titled Tuesday Blitz August 15 Late 2023"]
[White "LuxLinster"]
[Black "Melikhov, Evgeny V."]
[BlackFideId "4122046"]
[WhiteElo "2264"]
[BlackElo "2399"]
[Result "0-1"]
[Round "11"]
[TimeControl "180+1"]
[Date "2023.08.15"]
[WhiteClock "0:00:00"]
[BlackClock "0:00:54"]
[Board "84"]

1. d4 Nf6 2. c4 e6 3. g3 d5 4. Nf3 dxc4 5. Bg2 Nc6 6. O-O Rb8 7. e3 b5 8. b3 cxb3 9. axb3 Bd6 10. Nc3 O-O 11. Ng5 Bd7 12. Bb2 Rb6 13. Nce4 Nxe4 14. Nxe4 a6 15. d5 exd5 16. Nxd6 cxd6 17. Bxd5 Be6 18. Bg2 d5 19. Qd2 Qd7 20. Rfd1 Rd8 21. Rac1 f6 22. h4 Ne5 23. h5 h6 24. Bd4 Rc6 25. Rxc6 Qxc6 26. Rc1 Qd7 27. b4 Bh3 28. Rc5 Bxg2 29. Kxg2 Qg4 30. Bxe5 fxe5 31. f3 Qd7 32. Qc2 d4 33. Rc7 Qd5 34. Qg6 Rd7 35. Qe8+ Kh7 36. Rxd7 Qa2+ 37. Kh3 Qb1 0-1


[Site "https://www.chess.com"]

[Event "Titled Tuesday Blitz August 15 Late 2023"]
[White "Alexikov, Alexander"]
[Black "Fernandez Garcia, Gumersindo"]
[WhiteFideId "14103958"]
[BlackFideId "24516740"]
[WhiteElo "2237"]
[BlackElo "2392"]
[Result "0-1"]
[Round "11"]
[TimeControl "180+1"]
[Date "2023.08.15"]
[WhiteClock "0:00:00"]
[BlackClock "0:00:05"]
[Board "85"]

1. e4 c5 2. Nf3 e6 3. d4 cxd4 4. Nxd4 Nf6 5. Nc3 Nc6 6. Be2 Bb4 7. Nxc6 bxc6 8. e5 Nd5 9. Qd4 c5 10. Qd3 a5 11. Bd2 Ba6 12. Qg3 Bxc3 13. bxc3 Kf8 14. Bxa6 Rxa6 15. Rb1 h5 16. O-O h4 17. Qf3 h3 18. g3 Ra8 19. Rb5 Rc8 20. c4 Ne7 21. Bxa5 Qe8 22. Bb6 Ng6 23. Bxc5+ Kg8 24. Re1 Rh6 25. a4 Ne7 26. a5 Nc6 27. a6 Ra8 28. Rb6 Rg6 29. Qe4 Qc8 30. Reb1 Kh7 31. Bd6 Kh6 32. Ra1 Kh7 33. a7 Qg8 34. Rb8 Rxb8 35. axb8=Q Nxb8 36. Ra8 Qc8 37. c5 Qc6 38. Qxc6 Nxc6 39. Ra4 Rg5 40. Rh4+ Kg6 41. f4 Rh5 42. Rxh5 Kxh5 43. Kf2 Kg4 44. c3 g6 45. Bf8 Na5 46. Bd6 Nc4 47. Ke2 Kf5 48. Kd3 Na5 49. c4 Kg4 0-1


[Site "https://www.chess.com"]

[Event "Titled Tuesday Blitz August 15 Late 2023"]
[White "KorolDimitriy75"]
[Black "Vila Dupla, Aurelio"]
[BlackFideId "2203383"]
[WhiteElo "2383"]
[BlackElo "2159"]
[Result "1/2-1/2"]
[Round "11"]
[TimeControl "180+1"]
[Date "2023.08.15"]
[WhiteClock "0:00:06"]
[BlackClock "0:01:09"]
[Board "86"]

1. d4 Nf6 2. c4 g6 3. Nc3 d5 4. cxd5 Nxd5 5. e4 Nxc3 6. bxc3 Bg7 7. Nf3 c5 8. Rb1 O-O 9. Be2 cxd4 10. cxd4 Qa5+ 11. Qd2 Qxd2+ 12. Bxd2 e6 13. O-O Rd8 14. Be3 Nc6 15. Rfd1 b6 16. d5 exd5 17. exd5 Ne5 18. Bg5 Nxf3+ 19. Bxf3 f6 20. d6 fxg5 21. d7 Rxd7 22. Rxd7 Bxd7 23. Bxa8 Be6 24. a3 Bf8 25. a4 Bc5 26. Bc6 a5 27. Re1 Kf7 28. Rd1 Kf6 29. Bd5 Bd7 30. Bb3 Bf5 31. Rd8 h5 32. Rg8 g4 33. g3 Ke5 34. Rd8 Kf6 35. Rg8 Ke5 36. Rd8 Kf6 37. Rg8 1/2-1/2


[Site "https://www.chess.com"]

[Event "Titled Tuesday Blitz August 15 Late 2023"]
[White "Curtis, John"]
[Black "Hajiyev, Kanan"]
[WhiteFideId "3200256"]
[BlackFideId "13404148"]
[WhiteElo "2091"]
[BlackElo "2514"]
[Result "0-1"]
[Round "11"]
[TimeControl "180+1"]
[Date "2023.08.15"]
[WhiteClock "0:00:11"]
[BlackClock "0:00:10"]
[Board "87"]

1. d4 Nf6 2. c4 e6 3. Nc3 Bb4 4. Qc2 O-O 5. Bg5 h6 6. Bh4 g5 7. Bg3 c5 8. dxc5 Na6 9. Bd6 Re8 10. a3 Qa5 11. Rc1 Bxc3+ 12. Qxc3 Qxc3+ 13. Rxc3 Ne4 14. Re3 Naxc5 15. Bxc5 Nxc5 16. h4 g4 17. h5 f5 18. b4 Ne4 19. g3 a5 20. b5 b6 21. Bg2 Bb7 22. f3 Ng5 23. Rh2 Rac8 24. fxg4 Bxg2 25. Rxg2 fxg4 26. Rc3 d5 27. c5 bxc5 28. e3 c4 29. Rb2 Ne4 30. Rc1 Nxg3 31. Rg2 Nxh5 32. Rxg4+ Kf7 33. Nf3 Nf6 34. Ne5+ Ke7 35. Rg7+ Kd6 36. Nf7+ Kc5 37. Nxh6 Kxb5 38. Rg6 Rf8 39. Rb1+ Ka4 40. Kd2 Ne4+ 41. Ke1 Rb8 42. Rc1 Rf6 43. Rxf6 Nxf6 44. Nf7 Kxa3 45. Ne5 Kb2 46. Rd1 Ne4 47. Nc6 Ra8 48. Kf1 a4 49. Re1 a3 50. Re2+ Kc1 51. Nd4 Ng3+ 52. Kf2 Nxe2 53. Nxe2+ Kb2 54. e4 a2 55. exd5 exd5 56. Nf4 Rf8 57. Ke3 Rxf4 58. Kxf4 a1=Q 59. Ke5 Qd1 60. Kd6 c3 61. Kc5 c2 62. Kc6 d4 63. Kd6 d3 64. Kd7 d2 65. Kd8 Qe2 66. Kd7 d1=Q+ 67. Kc7 c1=Q+ 68. Kb8 Qb3+ 69. Ka7 Qe7+ 70. Ka6 Qeb7+ 71. Ka5 Qa1# 0-1


[Site "https://www.chess.com"]

[Event "Titled Tuesday Blitz August 15 Late 2023"]
[White "Barwinska, Ewa"]
[Black "Romero Ruscalleda, Josep"]
[WhiteFideId "21833761"]
[BlackFideId "2231859"]
[WhiteElo "2292"]
[BlackElo "2404"]
[Result "1-0"]
[Round "11"]
[TimeControl "180+1"]
[Date "2023.08.15"]
[WhiteClock "0:00:07"]
[BlackClock "0:00:00"]
[Board "88"]

1. e4 g6 2. d4 Bg7 3. Nc3 d6 4. f4 a6 5. Nf3 b5 6. Bd3 Bb7 7. a4 b4 8. Nb1 Nd7 9. Nbd2 c5 10. c3 Ngf6 11. O-O O-O 12. Kh1 Rc8 13. h3 Nh5 14. f5 Ng3+ 15. Kh2 Nxf1+ 16. Qxf1 bxc3 17. bxc3 cxd4 18. cxd4 gxf5 19. exf5 Nf6 20. Ng5 h6 21. Ngf3 Qa5 22. Nc4 Qc7 23. Qf2 Ne4 24. Qh4 d5+ 25. Bf4 Qd7 26. Nb6 Qxf5 27. Nxc8 Rxc8 28. Bxh6 Bf6 29. Qf4 Qxf4+ 30. Bxf4 Rc3 31. Bxe4 dxe4 32. Ne5 Rc2 33. Rg1 Bd5 34. Be3 Bh4 35. Rc1 Rxc1 36. Bxc1 Bf2 37. Bb2 e3 38. Nd3 e2 39. Bc3 Be3 40. Ne1 Bc4 41. Kg3 Bg1 42. Kf3 e6 43. g4 Kg7 44. h4 Kg6 45. h5+ Kh6 46. Bd2+ Kh7 47. Be3 Bh2 48. Bf4 Bg1 49. Be3 Bh2 50. Bf4 Bxf4 51. Kxf4 f6 52. Ke3 Kh6 53. Kf4 Bd5 54. Nd3 Bc4 55. Ne1 Bb3 56. a5 Bc4 57. Nf3 Bd5 58. Ne1 Kg7 59. Nd3 Kf7 60. Ne1 Ke7 61. Ke3 Kf7 62. Kxe2 Kg7 63. Ke3 Kh6 64. Kf4 Kg7 65. Nd3 Kf7 66. Nc5 Bc4 67. g5 fxg5+ 68. Kxg5 Kg7 69. Nd7 Bd5 70. Ne5 Kh7 71. h6 Be4 72. Ng4 Bd3 73. Nf6+ Kh8 74. Kf4 Bf5 75. Ke5 Bh3 76. Nd7 Kh7 77. Nc5 Bf1 78. Nxe6 Kxh6 79. Nc7 Kg6 80. Ke6 1-0


[Site "https://www.chess.com"]

[Event "Titled Tuesday Blitz August 15 Late 2023"]
[White "Bogaudinov, Rushan"]
[Black "KSho99"]
[WhiteFideId "4129288"]
[WhiteElo "2331"]
[BlackElo "2208"]
[Result "0-1"]
[Round "11"]
[TimeControl "180+1"]
[Date "2023.08.15"]
[WhiteClock "0:01:54"]
[BlackClock "0:01:39"]
[Board "89"]

1. a4 e5 2. a5 d5 3. h4 Nf6 4. h5 Bc5 5. h6 gxh6 6. e3 h5 7. Be2 Bg4 8. d3 Nc6 9. a6 b6 10. Bd2 Rg8 11. Nf3 e4 12. Nh4 exd3 13. cxd3 Qd7 14. f3 Be6 15. d4 Bd6 16. Bb5 Bg3+ 17. Ke2 Qd6 18. Nc3 Bd7 19. Rc1 Bxh4 20. Rxh4 Rxg2+ 21. Kd3 Nb4# 0-1


[Site "https://www.chess.com"]

[Event "Titled Tuesday Blitz August 15 Late 2023"]
[White "rikchessmx"]
[Black "ExchangeAB"]
[WhiteElo "2282"]
[BlackElo "2399"]
[Result "0-1"]
[Round "11"]
[TimeControl "180+1"]
[Date "2023.08.15"]
[WhiteClock "0:00:53"]
[BlackClock "0:00:42"]
[Board "91"]

1. e4 c6 2. d4 d5 3. Nc3 dxe4 4. Nxe4 Nf6 5. Ng5 Bf5 6. N1f3 e6 7. Ne5 Bg6 8. Bd3 Qxd4 9. Qe2 Bd6 10. Bxg6 Qxe5 11. Qxe5 Bxe5 12. Bxf7+ Ke7 13. Bxe6 h6 14. Nf7 Re8 15. Nxe5 Kxe6 16. f4 Nbd7 17. Bd2 Nxe5 18. fxe5 Kxe5 19. O-O-O Kf5 20. Bc3 Rad8 21. Rhf1+ Kg6 22. Rxd8 Rxd8 23. Bxf6 gxf6 24. Rd1 Re8 25. Kd2 Re5 26. Re1 Rb5 27. b3 Rg5 28. Re2 Kf7 29. c4 Rf5 30. Kc3 Ra5 31. Kb4 Rf5 32. g4 Rg5 33. h3 h5 34. gxh5 Rxh5 35. Re3 f5 36. Kc3 Kf6 37. Kd4 f4 38. Rf3 Kf5 39. b4 Rh7 40. a4 Rd7+ 41. Kc3 Ke4 42. Rf1 f3 43. b5 Ke3 44. Re1+ Kf2 45. Re6 cxb5 46. axb5 Kg2 47. Rg6+ Kxh3 48. Rh6+ Kg2 49. Rg6+ Kf1 50. c5 f2 51. c6 bxc6 52. bxc6 Re7 53. Kd4 Ke1 54. Kd5 f1=Q 55. Kd6 Qe2 56. Rg1+ Kf2 57. Rg6 Qe5# 0-1


[Site "https://www.chess.com"]

[Event "Titled Tuesday Blitz August 15 Late 2023"]
[White "Vifleemskaia, Svetlana"]
[Black "Saucey, Michel"]
[WhiteFideId "4129490"]
[BlackFideId "601845"]
[WhiteElo "2345"]
[BlackElo "2262"]
[Result "1-0"]
[Round "11"]
[TimeControl "180+1"]
[Date "2023.08.15"]
[WhiteClock "0:00:58"]
[BlackClock "0:00:00"]
[Board "92"]

1. d4 d5 2. c4 e6 3. Nc3 Nf6 4. cxd5 exd5 5. Bg5 c6 6. e3 Be7 7. Bd3 O-O 8. Qc2 h6 9. Bf4 Re8 10. Nf3 Nbd7 11. h3 Nf8 12. O-O Ne6 13. Bh2 Ng5 14. Ne5 Nge4 15. Nxe4 dxe4 16. Bc4 Rf8 17. a4 a5 18. Qb3 Qe8 19. f3 exf3 20. Rxf3 Bb4 21. Raf1 b5 22. Bd3 Be6 23. Qc2 Bd5 24. Rxf6 gxf6 25. Rxf6 Kg7 26. Qf2 Rh8 27. Rf5 Bd6 28. Qg3+ 1-0


[Site "https://www.chess.com"]

[Event "Titled Tuesday Blitz August 15 Late 2023"]
[White "De Souza, Cristiano Gomes"]
[Black "rionelG"]
[WhiteFideId "2151758"]
[WhiteElo "2252"]
[BlackElo "2341"]
[Result "0-1"]
[Round "11"]
[TimeControl "180+1"]
[Date "2023.08.15"]
[WhiteClock "0:00:22"]
[BlackClock "0:00:12"]
[Board "93"]

1. d4 Nf6 2. c4 g6 3. Nc3 Bg7 4. e4 O-O 5. Nf3 d6 6. Be2 Na6 7. O-O e5 8. Be3 Ng4 9. Bg5 Qe8 10. dxe5 dxe5 11. Nd2 f6 12. Bh4 Nh6 13. f3 Nf7 14. a3 c6 15. b4 Nc7 16. c5 Ne6 17. Nc4 Nd4 18. Bf2 f5 19. Bd3 Be6 20. Na5 Qe7 21. Bc4 Rad8 22. Bxe6 Qxe6 23. Nxb7 Rd7 24. Na5 Ng5 25. Qc1 Bh6 26. Qb2 fxe4 27. Nxe4 Ngxf3+ 28. gxf3 Nxf3+ 29. Kh1 Qh3 30. Bg3 Rdf7 31. Qg2 Qh5 32. Nd6 Nxh2 33. Rxf7 Nf3+ 34. Bh2 Rxf7 35. Nxf7 Bf4 36. Rf1 Nxh2 37. Rxf4 Nf3+ 0-1


[Site "https://www.chess.com"]

[Event "Titled Tuesday Blitz August 15 Late 2023"]
[White "Ouellet, Maili-Jade"]
[Black "Osmonbekov, Talaibek"]
[WhiteFideId "2620472"]
[BlackFideId "2017253"]
[WhiteElo "2318"]
[BlackElo "2208"]
[Result "1-0"]
[Round "11"]
[TimeControl "180+1"]
[Date "2023.08.15"]
[WhiteClock "0:00:07"]
[BlackClock "0:00:00"]
[Board "94"]

1. e4 c5 2. Nf3 d6 3. d4 cxd4 4. Nxd4 Nf6 5. Nc3 g6 6. Bc4 Bg7 7. f3 Nc6 8. Nxc6 bxc6 9. Be3 O-O 10. O-O a5 11. Bb3 Rb8 12. Qd2 Re8 13. Rfe1 Qc7 14. Rad1 Ba6 15. Na4 c5 16. e5 dxe5 17. Nxc5 Bc8 18. Ba4 Rf8 19. b3 Nh5 20. c4 Nf4 21. Qf2 Ne6 22. Nd7 Bxd7 23. Rxd7 Qc8 24. Rxe7 Nd4 25. f4 Nc2 26. Qxc2 exf4 27. Bxf4 Qc5+ 28. Kh1 Rbd8 29. Qe2 Bc3 30. Rf1 Bb4 31. Re3 Bd2 32. Re4 Bb4 33. Bh6 Qh5 34. Bxf8 Rxf8 35. Qxh5 gxh5 36. Re5 Kg7 37. Rxh5 Kg6 38. Rh3 1-0


[Site "https://www.chess.com"]

[Event "Titled Tuesday Blitz August 15 Late 2023"]
[White "Verony64"]
[Black "Gerbelli Neto, Eduardo"]
[BlackFideId "2103281"]
[WhiteElo "2147"]
[BlackElo "2315"]
[Result "1-0"]
[Round "11"]
[TimeControl "180+1"]
[Date "2023.08.15"]
[WhiteClock "0:00:07"]
[BlackClock "0:00:03"]
[Board "95"]

1. e4 e5 2. Nc3 Nf6 3. d3 Nc6 4. g3 d5 5. exd5 Nxd5 6. Bg2 Be6 7. Nge2 Be7 8. O-O O-O 9. Be3 Nxe3 10. fxe3 Bg5 11. Qd2 Nd4 12. Nd1 c6 13. c3 Nf5 14. Be4 Nd6 15. Bg2 Qb6 16. h4 Bh6 17. Kh2 Rad8 18. d4 Nf5 19. Qd3 g6 20. e4 Ne7 21. Qf3 Bg7 22. Rb1 exd4 23. cxd4 Bxd4 24. Nf4 Bc4 25. Re1 Bxa2 26. Ra1 Be6 27. Ne3 Bxe3 28. Rxe3 Qxb2 29. Rxa7 Nc8 30. Re2 Qd4 31. Rxb7 Nd6 32. Rbb2 Nc4 33. Rb4 Ne5 34. Qa3 Ng4+ 35. Kh3 Qg1 36. Nxe6 fxe6 37. Kxg4 Qh2 38. e5 h5+ 39. Kg5 Kg7 40. Rf4 Qg1 41. Qe7+ Kg8 42. Kxg6 Qb6 43. Qg7# 1-0


[Site "https://www.chess.com"]

[Event "Titled Tuesday Blitz August 15 Late 2023"]
[White "Garmendiarov"]
[Black "Joubert, Dantelle"]
[BlackFideId "14310813"]
[WhiteElo "2285"]
[BlackElo "2072"]
[Result "1-0"]
[Round "11"]
[TimeControl "180+1"]
[Date "2023.08.15"]
[WhiteClock "0:01:03"]
[BlackClock "0:01:00"]
[Board "96"]

1. e4 c5 2. Nf3 d6 3. d4 cxd4 4. Nxd4 Nf6 5. Nc3 g6 6. Be3 Bg7 7. f3 O-O 8. Qd2 Nc6 9. O-O-O d5 10. exd5 Nxd5 11. Nxc6 bxc6 12. Bd4 e5 13. Bc5 Be6 14. Ne4 Re8 15. Bc4 Qh4 16. g3 Qh5 17. g4 Qh4 18. Bf2 Qh3 19. Ng5 Qh6 20. h4 Rab8 21. Bb3 a5 22. a4 e4 23. fxe4 Bxb2+ 24. Kxb2 Nb4 25. Nxe6 Rxe6 26. Qxh6 1-0


[Site "https://www.chess.com"]

[Event "Titled Tuesday Blitz August 15 Late 2023"]
[White "Navyblue1"]
[Black "Bryant, Todd"]
[BlackFideId "2031299"]
[WhiteElo "2026"]
[BlackElo "2334"]
[Result "0-1"]
[Round "11"]
[TimeControl "180+1"]
[Date "2023.08.15"]
[WhiteClock "0:00:00"]
[BlackClock "0:01:01"]
[Board "97"]

1. d4 Nf6 2. c4 g6 3. Nc3 Bg7 4. e4 d6 5. h3 O-O 6. Be3 e5 7. d5 Na6 8. g4 Nc5 9. Bg2 a5 10. Nge2 h5 11. gxh5 Nxh5 12. Qd2 f5 13. exf5 gxf5 14. Bh6 Qh4 15. Bg5 Qxc4 16. Rd1 f4 17. Bf3 Nf6 18. Rg1 Nfe4 19. Nxe4 Nxe4 20. Bxe4 Qxe4 21. Bh6 Rf7 22. Bxg7 Rxg7 23. Rxg7+ Kxg7 24. Qd3 Bf5 25. Qxe4 Bxe4 26. Rc1 c5 27. dxc6 Bxc6 28. Nc3 Rh8 29. Rd1 Rh6 30. Ke2 Kf7 31. Rd3 Ke6 32. b3 d5 33. Na4 Bb5 34. Nc5+ Ke7 35. Kd2 Bxd3 36. Nxd3 Kd6 37. Ke2 Rxh3 38. Kd2 Rh2 39. Ke2 f3+ 40. Ke3 e4 0-1


[Site "https://www.chess.com"]

[Event "Titled Tuesday Blitz August 15 Late 2023"]
[White "Petersson, Kjell"]
[Black "Maluco_do_Natal_00"]
[WhiteFideId "1705148"]
[WhiteElo "2170"]
[BlackElo "2073"]
[Result "1-0"]
[Round "11"]
[TimeControl "180+1"]
[Date "2023.08.15"]
[WhiteClock "0:00:12"]
[BlackClock "0:00:00"]
[Board "98"]

1. d4 d5 2. Bf4 Nf6 3. e3 e6 4. Nd2 Bd6 5. Bg3 c5 6. c3 Qc7 7. Ngf3 Nbd7 8. Be2 O-O 9. Bxd6 Qxd6 10. O-O a6 11. a4 b6 12. Qb1 Re8 13. Rd1 h6 14. Bf1 e5 15. dxe5 Nxe5 16. Nxe5 Qxe5 17. Nf3 Qh5 18. c4 Bb7 19. Qc2 dxc4 20. Be2 b5 21. axb5 axb5 22. Rxa8 Rxa8 23. h3 Be4 24. Qd2 Qf5 25. Qd6 Ra2 26. Qb8+ Kh7 27. Qxb5 c3 28. bxc3 g5 29. Bc4 Rc2 30. Bxf7 Bxf3 31. gxf3 Qxf3 32. Qf1 Rxf2 33. Qxf2 Qxd1+ 34. Kg2 Kg7 35. Bc4 Qd6 36. Be2 Qe5 37. Qf3 Qxc3 38. Qb7+ Kg6 39. Qf3 Qe5 40. Bd3+ Kg7 41. Qf2 Ne4 42. Qf3 Nf6 43. Qb7+ Kf8 44. Qc8+ Ke7 45. Qb7+ Nd7 46. Bb5 Qd6 47. Qe4+ Qe5 48. Qh7+ 1-0


[Site "https://www.chess.com"]

[Event "Titled Tuesday Blitz August 15 Late 2023"]
[White "Bhavikatti, Neil"]
[Black "Tqebuchava, Zurab"]
[WhiteFideId "30935024"]
[BlackFideId "13601113"]
[WhiteElo "2478"]
[BlackElo "2170"]
[Result "1-0"]
[Round "11"]
[TimeControl "180+1"]
[Date "2023.08.15"]
[WhiteClock "0:00:07"]
[BlackClock "0:00:00"]
[Board "99"]

1. d4 d6 2. c4 g6 3. Nc3 Bg7 4. g3 Nc6 5. Nf3 Bg4 6. Be3 Bxf3 7. exf3 e5 8. d5 Nd4 9. Bxd4 exd4 10. Ne4 f5 11. Qa4+ Kf8 12. Nd2 Qe8+ 13. Qxe8+ Rxe8+ 14. Kd1 Nf6 15. Bd3 Nd7 16. Kc2 a5 17. b3 Nc5 18. a3 Kf7 19. b4 axb4 20. axb4 Na6 21. Rhb1 h5 22. h4 f4 23. Ne4 fxg3 24. fxg3 Bf6 25. b5 Nc5 26. Nxc5 dxc5 27. Ra7 Rb8 28. b6 Rhc8 29. Be4 Bd8 30. bxc7 Rxc7 31. Rb6 Bf6 32. d6 Rd7 33. Bd5+ Kg7 34. Be6 Rdd8 35. Rbxb7+ Rxb7 36. Rxb7+ Kh6 37. d7 Be7 38. Kd3 Kg7 39. Ke4 Kf6 40. Bd5 Bd6 41. g4 hxg4 42. fxg4 Kg7 43. Be6 Be7 44. Rc7 Bxh4 45. Rxc5 Kf6 46. Rc6 Ke7 47. Kxd4 Bf6+ 48. Kd5 g5 49. Ra6 Bc3 50. c5 Bd2 51. c6 Bf4 52. Ra7 Be3 53. Rb7 Ra8 54. d8=Q+ 1-0


[Site "https://www.chess.com"]

[Event "Titled Tuesday Blitz August 15 Late 2023"]
[White "Hartikainen, Jarmo"]
[Black "olackza"]
[WhiteFideId "503134"]
[WhiteElo "2103"]
[BlackElo "2184"]
[Result "0-1"]
[Round "11"]
[TimeControl "180+1"]
[Date "2023.08.15"]
[WhiteClock "0:00:01"]
[BlackClock "0:00:28"]
[Board "100"]

1. e4 c5 2. c3 d5 3. exd5 Qxd5 4. d4 e6 5. Nf3 Nf6 6. Na3 a6 7. Nc4 Nbd7 8. a4 b6 9. Be3 Bb7 10. dxc5 Bxc5 11. Qxd5 exd5 12. Bxc5 bxc5 13. Na5 Rb8 14. Nxb7 Rxb7 15. Bxa6 Rxb2 16. O-O O-O 17. a5 Ne4 18. Ra3 Ra8 19. Bd3 Nd6 20. Rb1 Rxb1+ 21. Bxb1 Nc4 22. Ra4 Rxa5 23. Rxa5 Nxa5 24. Ba2 Nb6 25. Kf1 f6 26. Ke2 Kf7 27. Kd3 Ke6 28. Nd2 Nc6 29. f4 Na5 30. g3 Kd6 31. Ke3 h6 32. h3 Kc6 33. g4 Kb5 34. h4 Nac4+ 35. Bxc4+ Nxc4+ 36. Nxc4 Kxc4 37. Kd2 d4 38. cxd4 cxd4 39. g5 hxg5 40. fxg5 fxg5 41. hxg5 Kd5 42. g6 Ke5 43. Kd3 Kf6 44. Kxd4 Kxg6 45. Ke3 Kg5 46. Kf2 Kh4 47. Kg2 Kg4 48. Kf2 Kf4 49. Kg2 g6 50. Kf2 g5 51. Kg2 Kg4 52. Kf2 Kh3 53. Kg1 Kg3 54. Kf1 Kh2 55. Kf2 g4 0-1


[Site "https://www.chess.com"]

[Event "Titled Tuesday Blitz August 15 Late 2023"]
[White "dorpato"]
[Black "laskakid"]
[WhiteElo "2040"]
[BlackElo "2126"]
[Result "0-1"]
[Round "11"]
[TimeControl "180+1"]
[Date "2023.08.15"]
[WhiteClock "0:00:00"]
[BlackClock "0:00:26"]
[Board "101"]

1. e4 e5 2. d4 exd4 3. Nf3 Nc6 4. c3 dxc3 5. Nxc3 Bb4 6. Bc4 Nf6 7. e5 Qe7 8. O-O Bxc3 9. exf6 Bxf6 10. Re1 Ne5 11. Nxe5 Bxe5 12. Kh1 O-O 13. Qf3 Qf6 14. Qb3 c6 15. Be3 d5 16. Bd3 Bxb2 17. Rab1 Bd4 18. Qc2 g6 19. Bxd4 Qxd4 20. Re3 Qf6 21. Rf3 Qd6 22. Rh3 b6 23. Qd2 Qf6 24. Rc1 c5 25. Qh6 Qg7 26. Qg5 Be6 27. Rh6 Rfe8 28. Qh4 c4 29. Bb1 d4 30. Rf1 d3 31. f4 Bf5 32. g4 Be4+ 33. Kg1 c3 34. f5 g5 35. f6 gxh4 36. fxg7 Kxg7 37. Rxh4 c2 38. Bxc2 dxc2 39. g5 Rad8 40. Rhf4 Bg6 41. h4 Rd1 0-1


[Site "https://www.chess.com"]

[Event "Titled Tuesday Blitz August 15 Late 2023"]
[White "Vargas, Mauricio"]
[Black "Bazzano, Sebastian"]
[WhiteFideId "4404572"]
[BlackFideId "104566"]
[WhiteElo "1864"]
[BlackElo "2232"]
[Result "0-1"]
[Round "11"]
[TimeControl "180+1"]
[Date "2023.08.15"]
[WhiteClock "0:00:00"]
[BlackClock "0:00:05"]
[Board "102"]

1. e4 e6 2. f4 d5 3. e5 c5 4. Nf3 d4 5. Bb5+ Nc6 6. d3 Ne7 7. Nbd2 a6 8. Bc4 b5 9. Bb3 Bb7 10. Ne4 Nd5 11. Bxd5 Qxd5 12. O-O Be7 13. Qe1 Nb4 14. Rf2 Nxa2 15. Bd2 Nb4 16. Bxb4 cxb4 17. b3 h6 18. Rc1 O-O 19. h3 a5 20. g4 f5 21. exf6 Bxf6 22. h4 Be7 23. g5 Rxf4 24. Qd2 Raf8 25. Qe2 Qf5 26. Rcf1 Qh3 27. Ne5 Rxf2 28. Rxf2 Rxf2 29. Qxf2 Qe3 0-1